 Dungeon Crawl Stone Soup version 0.21-a0-615-g8e08f28 (webtiles) character file.

48 Firecrotchwizard the Poker (level 3, -2/30 HPs)
             Began as a Merfolk Abyssal Knight on Dec 22, 2017.
             Was a Follower of Lugonu.
             Killed from afar by Sigmund (11 damage)
             ... with a puff of flame
             ... on level 2 of the Dungeon.
             The game lasted 00:03:22 (1629 turns).

Firecrotchwizard the Poker (Merfolk Abyssal Knight) Turns: 1629, Time: 00:03:22

Health: -2/30      AC:  6    Str: 12    XL:     3   Next: 72%
Magic:  4/4        EV: 12    Int: 11    God:    Lugonu [*.....]
Gold:   57         SH:  0    Dex: 14    Spells: 2/2 levels left

rFire    . . .     SeeInvis .   a - +1 spear
rCold    . . .     Gourm    .   (no shield)
rNeg     . . .     Faith    .   d - +0 ring mail
rPois    .         Spirit   .   (no helmet)
rElec    .         Reflect  .   (no cloak)
rCorr    .         Harm     .   (no gloves)
MR       .....                  e - +0 pair of boots
Stlth    +.........             (no amulet)
HPRegen  0.10/turn              (no ring)
MPRegen  0.09/turn              (no ring)

@: no status effects
A: change form in water, swift swim, stealthy swim
a: Depart the Abyss, Renounce Religion


You were on level 2 of the Dungeon.
You worshipped Lugonu.
Lugonu was aware of your devotion.
You were not hungry.

You visited 1 branch of the dungeon, and saw 2 of its levels.
You visited the Abyss 1 time.

You collected 57 gold pieces.

Inventory:

Hand Weapons
 a - a +1 spear (weapon)
Armour
 b - a +0 leather armour
 d - a +0 ring mail (worn)
   (You found it on level 1 of the Dungeon)
 e - a +0 pair of boots (worn)
   (You found it on level 1 of the Dungeon)
Scrolls
 j - 4 scrolls of enchant weapon {unknown}
 k - a scroll of remove curse {unknown}
 n - a scroll of amnesia {unknown}
 p - a scroll of blinking {unknown}
Potions
 g - a potion of heal wounds
 h - a potion of mutation {unknown}
 i - a potion of magic {unknown}
 l - a potion of resistance {unknown}
 m - a potion of curing {unknown}
 o - a potion of brilliance {unknown}
 q - a potion of ambrosia {unknown}
Comestibles
 c - 4 rations {@e1}
 f - 2 chunks of flesh {@w0}


   Skills:
 + Level 3.6 Fighting
 * Level 4.3 Polearms
 - Level 0.6 Armour
 + Level 3.4 Dodging
 + Level 2.5 Invocations


You had 2 spell levels left.
You didn't know any spells.

Dungeon Overview and Level Annotations

Branches:
Dungeon (2/15)

Altars:

Annotations:
D:2 Sigmund


Message History

You hit the dart slug. You hit the dart slug.
You kill the dart slug!
Lugonu accepts your kill.
You butcher the dart slug corpse.
f - 2 chunks of flesh {@w0} A kobold comes into view.
It is wielding a short sword.
The kobold shouts!
The kobold throws a stone.
The stone hits you but does no damage.
You see here a stone.
The kobold throws a stone.
The stone barely misses you.
Attack whom?
Aim: a kobold, wielding a short sword You reach to attack!
You hit the kobold.
Attack whom?
Aim: a kobold, wielding a short sword (severely wounded)
You reach to attack!
You barely miss the kobold. You closely miss the kobold.
The kobold hits you with a short sword.
You take 1 damage, and have 29/30 hp.
A kobold is nearby!
You hit the kobold.
You kill the kobold!
Lugonu accepts your kill.
Health restored: 30 No target in view!
Things that are here:
a short sword; a kobold corpse
Things that are here:
a short sword; a kobold corpse Sigmund the Dreaded comes into view.
He is wielding a scythe.
Sigmund shouts!
Okay, then.
Sigmund barely misses you.
Your ring mail prevents you from hitting Sigmund.
Sigmund casts a spell at you. The puff of flame hits you!
You take 8 damage, and have 22/30 hp.
MASSIVE DAMAGE!!
You hit Sigmund but do no damage. Sigmund closely misses you.
It was a potion of heal wounds.
You feel much better.
Health restored: 30 You hit Sigmund.
Sigmund misses you.
You hit Sigmund. You hit Sigmund. Sigmund hits you with a scythe.
You take 2 damage, and have 28/30 hp.
You hit Sigmund. Sigmund barely misses you.
You closely miss Sigmund. You hit Sigmund.
Sigmund drinks a potion.
Sigmund is healed!
You closely miss Sigmund. Sigmund hits you with a scythe.
You take 3 damage, and have 25/30 hp.
You hit Sigmund. You hit Sigmund. Sigmund closely misses you.
You barely miss Sigmund. Sigmund barely misses you.
You hit Sigmund. You barely miss Sigmund.
Sigmund screams, "Only death can liberate you!"
Sigmund points at you and mumbles some strange words.
You are confused.
Sigmund says, "Your kind have come here before.
I understand now why.
You desire death..."
Sigmund misses you.
You barely miss Sigmund. Sigmund barely misses you.
You barely miss Sigmund. Sigmund completely misses you.
You hit Sigmund. You miss Sigmund.
You feel less confused. Sigmund misses you.
You hit Sigmund. You hit Sigmund. Sigmund hits you but does no damage.
You closely miss Sigmund. Sigmund barely misses you.
You closely miss Sigmund. You hit Sigmund. Sigmund hits you with a scythe!
You take 11 damage, and have 15/30 hp.
MASSIVE DAMAGE!!
You hit Sigmund but do no damage. You hit Sigmund.
Sigmund hits you but does no damage.
You closely miss Sigmund. You hit Sigmund. Sigmund hits you with a scythe.
You take 6 damage, and have 10/30 hp.
You hit Sigmund.
Sigmund gestures wildly while chanting.
Sigmund flickers and vanishes!
Deactivating autopickup; reactivate with Ctrl-A.
You closely miss something. Something hits you.
* * * LOW HITPOINT WARNING * * *
You take 1 damage, and have 9/30 hp.
You miss something. You miss something. Something completely misses you.
You closely miss something. You completely miss something. Something hits you.
* * * LOW HITPOINT WARNING * * *
You take 1 damage, and have 8/30 hp.
You hit something but do no damage. You hit something but do no damage.
Something hits you but does no damage.
You miss something.
You hear some strange, mumbled words.
A puff of flame appears from out of thin air!
The puff of flame hits you!
You die...

###### ....# #..######
###..##...####
#.##.%.......##.##
#......@##...#.#.##
#.##.#.{###...###.######
......# ####.#........
#.##.##.# ##.#######. #
#. #.# ### #####. # #.#
#..).. #.# #.###( #.#
#.#... #.#.##


There were no monsters in sight!

Vanquished Creatures
  An ooze (D:1)
  A worm (D:2)
  A dart slug (D:2)
  A ball python (D:1)
  6 bats
  A giant cockroach (D:2)
  5 goblins (D:1)
  4 hobgoblins
  4 frilled lizards
  7 kobolds
  6 rats
37 creatures vanquished.

Notes
Turn   | Place    | Note
-------+----------+-------------------------------------------
     0 | Abyss:1  | Firecrotchwizard the Merfolk Abyssal Knight began the quest for the Orb.
     0 | Abyss:1  | Reached XP level 1. HP: 18/18 MP: 2/2
    40 | Abyss:1  | Noticed an ancient zyme
    41 | D:1      | Escaped the Abyss
    51 | D:1      | Reached * piety under Lugonu
    86 | D:1      | Reached XP level 2. HP: 16/24 MP: 3/3
    97 | D:1      | Reached skill level 3 in Dodging
   609 | D:1      | Reached XP level 3. HP: 29/29 MP: 4/4
   693 | D:1      | Reached skill level 4 in Polearms
  1589 | D:2      | Noticed Sigmund
  1629 | D:2      | Killed from afar by Sigmund

Vault maps used:
D:1:      minmay_arrival_radiant_lines
D:2:      first_ration, uniq_sigmund
Abyss:1:  minivault_24

Skill      XL: |  1  2  3 |
---------------+----------+-----
Dodging        | 3 |  3.4
Polearms       | 4 |  4.3
Fighting       | |  3.6
Armour         | |  0.6
Invocations    | |  2.5

Action                   || total
-------------------------++-------
Melee: Spear             ||   158
Invok: Depart the Abyss  ||     1
  Use: Potion            ||     1
  Eat: Chunk             ||     2
Armor: Leather armour    ||     4
       Ring mail         ||    29
Dodge: Dodged            ||    57

Table legend:
 A = Spawn XP
 B = Non-spawn XP
 C = Spawn XP percentage of total XP
 D = Spawn monster count
 E = Non-spawn monster count
 F = Spawn count percentage of total count
 G = Total turns spent on level
                    A         B        C        D         E        F      G
               +---------+---------+-------+---------+---------+-------+---------
         Total |       0 |      69 |   0.0 |       0 |      37 |   0.0 |  1629
               +---------+---------+-------+---------+---------+-------+---------
           D:1 |       0 |      47 |   0.0 |       0 |      26 |   0.0 |   973
           D:2 |       0 |      22 |   0.0 |       0 |      11 |   0.0 |   615
               +---------+---------+-------+---------+---------+-------+---------

Vault maps used:
D:1:      minmay_arrival_radiant_lines
D:2:      first_ration, uniq_sigmund
Abyss:1:  minivault_24

Table legend:
 A = Turns spent in this place as a percentage of turns spent in the entire game.
 B = Non-inter-level travel turns spent in this place as a percentage of non-inter-level travel turns spent in the entire game.
 C = Inter-level travel turns spent in this place as a percentage of turns spent in this place.
 D = Turns resting spent in this place as a percentage of non-inter-level travel turns spent in this place.
 E = Turns spent auto-exploring this place as a percentage of non-inter-level travel turns spent in this place.
 F = Non-inter-level travel turns spent in this place divided by the number of levels of this place that you've seen.
                   A       B       C       D       E      F
               +-------+-------+-------+-------+-------+----------------------
         Total | 100.0 | 100.0 |   2.0 |  24.9 |  59.1 | 532.3
       Dungeon |  97.5 |  97.4 |   2.0 |  25.5 |  58.1 | 778.0
         Abyss |   2.5 |   2.6 |   0.0 |   0.0 |  97.6 |  41.0
               +-------+-------+-------+-------+-------+----------------------

Table legend:
 A = Kills in this place as a percentage of kills in entire the game.
 B = Kills by you in this place as a percentage of kills by you in the entire game.
 C = Kills by friends in this place as a percentage of kills by friends in the entire game.
 D = Other kills in this place as a percentage of other kills in the entire game.
 E = Experience gained in this place as a percentage of experience gained in the entire game.
 F = Experience gained in this place divided by the number of levels of this place that you have seen.
                   A       B       C       D       E      F
               +-------+-------+-------+-------+-------+----------------------
         Total | 100.0 | 100.0 |   N/A |   N/A | 100.0 |  23.0
       Dungeon | 100.0 | 100.0 |   N/A |   N/A | 100.0 |  34.5
               +-------+-------+-------+-------+-------+----------------------
